 Dungeon Crawl Stone Soup version 0.22.1 (webtiles) character file.

170649 dvd the Bewitcher (level 16, -15/72 HPs)
             Began as a Felid Enchanter on Sept 17, 2018.
             Was a Follower of Uskayaw.
             Demolished by a tengu reaver
             ... wielding a +1 dire flail
              (23 damage)
             ... on level 3 of the Vaults on Sept 19, 2018.
             The game lasted 06:00:14 (54144 turns).

dvd the Bewitcher (Felid Enchanter)                Turns: 54144, Time: 06:00:15

Health: -15/72     AC:  9    Str:  4    XL:     16   Next: 81%
Magic:  32/35      EV: 30    Int: 22    God:    Uskayaw [*.....]
Gold:   1553       SH:  0    Dex: 18    Spells: 2/43 levels left
                                        Lives:  0   Deaths: 4

rFire    . . .     SeeInvis +     - Unarmed
rCold    + . .     Gourm    .   (shield unavailable)
rNeg     . . .     Faith    .   (armour unavailable)
rPois    +         Spirit   .   (helmet unavailable)
rElec    .         Reflect  .   (cloak unavailable)
rCorr    .         Harm     .   (gloves unavailable)
MR       ++...                  (boots unavailable)
Stlth    +++++++...             A - amulet of magic regeneration
HPRegen  0.22/turn              h - +6 ring of protection
MPRegen  0.49/turn              o - ring of poison resistance

@: quick
A: very small, no armour, no weapons or thrown items, stealth, claws 1, fangs 3,
horns 3, see invisible, carnivore, speed 1, shaggy fur 3, slow metabolism 1,
sharp paws
}: 2/15 runes: decaying, gossamer
a: Stomp, Renounce Religion


You were on level 3 of the Vaults.
You worshipped Uskayaw.
Uskayaw was aware of your devotion.
You were not hungry.

You visited 8 branches of the dungeon, and saw 37 of its levels.
You visited 1 bazaar.
You also visited: Ice Cave.

You collected 3694 gold pieces.
You spent 2141 gold pieces at shops.

Inventory:

Jewellery
 h - a +6 ring of protection (left paw)
 k - a +5 ring of strength
 o - a ring of poison resistance (right paw)
 q - an uncursed ring of magical power
 x - the ring "Feulevat" {rF+ rC++ Str+9 Dex-5}
   (You bought it in a shop on level 9 of the Dungeon)

   [ring of protection from fire]

   It affects your strength (+9).
   It affects your dexterity (-5).
   It protects you from fire.
   It greatly protects you from cold.
 y - the ring "Uwoull" {Fire -Tele +Fly Slay+4}
   (You acquired it on level 2 of the Lair of Beasts)

   [ring of fire]

   It enhances your fire magic.
   It affects your accuracy and damage with ranged weapons and melee attacks
   (+4).
   It protects you from fire.
   It makes you vulnerable to cold.
   It lets you fly.
   It prevents most forms of teleportation.
 A - an amulet of magic regeneration (around neck)
 C - an uncursed ring of resist corrosion
 H - an uncursed amulet of regeneration
 I - an uncursed ring of protection from magic
 R - a +3 amulet of reflection
 T - the ring "Bemum" {rC+ MR+ Stlth+}
   (You found it on level 1 of the Elven Halls)

   [ring of protection from magic]

   It protects you from cold.
   It affects your resistance to hostile enchantments.
   It makes you more stealthy.
Wands
 a - a wand of enslavement (9)
 l - a wand of digging (9)
 s - a wand of paralysis (59)
 w - a wand of clouds (9)
 E - a wand of acid (30)
 K - a wand of flame (36)
 L - a wand of random effects (106)
 N - a wand of iceblast (9)
 O - a wand of polymorph (19)
Scrolls
 d - 4 scrolls of fear
 e - 29 scrolls of identify
 j - 3 scrolls of fog
 p - 16 scrolls of remove curse
 r - 11 scrolls of teleportation
 t - a scroll of blinking
 v - 6 scrolls of magic mapping
 U - a scroll of amnesia
 V - a scroll of summoning
Potions
 c - 2 potions of curing
 g - 5 potions of cancellation
 i - 2 potions of heal wounds
 m - 4 potions of flight
 n - 4 potions of agility
 u - 2 potions of magic
 B - 2 potions of mutation
 D - a potion of haste
 F - 3 potions of resistance
 J - a potion of invisibility
 P - a potion of berserk rage
 Q - 3 potions of ambrosia
 S - a potion of might
Miscellaneous
 f - a phantom mirror
 M - a crystal ball of energy
Comestibles
 b - 58 rations


   Skills:
 + Level 9.1 Fighting
 + Level 13.7 Dodging
 + Level 18.0 Stealth
 + Level 11.9 Unarmed Combat
 + Level 14.2 Spellcasting
 + Level 3.7 Conjurations
 + Level 18.6 Hexes
 + Level 5.2 Charms
 + Level 4.3 Summonings
 + Level 2.7 Necromancy
 + Level 5.5 Translocations
 + Level 12.9 Ice Magic
 * Level 5.8 Air Magic
 * Level 11.3 Invocations
 + Level 2.0 Evocations


You had 2 spell levels left.
You knew the following spells:

 Your Spells              Type           Power        Failure   Level  Hunger
a - Shroud of Golubria    Chrm/Tloc      #####.....   1%          2    None
b - Ensorcelled Hibernat  Hex/Ice        ######       0%          2    None
c - Confuse               Hex            #######.     0%          3    None
d - Tukima's Dance        Hex            #######.     0%          3    None
e - Dazzling Spray        Conj/Hex       ######       1%          3    None
f - Shock                 Conj/Air       ####         1%          1    None
g - Blink                 Tloc           N/A          1%          2    None
h - Metabolic Englaciati  Hex/Ice        ######....   1%          5    ###....
i - Summon Mana Viper     Hex/Summ       ######..     1%          5    ###....
j - Summon Lightning Spi  Summ/Air       #####...     4%          4    None
k - Summon Ice Beast      Ice/Summ       ######..     1%          4    None
l - Regeneration          Chrm/Necr      ####......   2%          3    None
m - Airstrike             Air            #####.....   3%          4    None

Your spell library contained the following spells:

 Spells                   Type           Power        Failure   Level  Hunger
 Confusing Touch          Hex            ######       0%          1    None
 Corona                   Hex            #######      0%          1    None
 Slow                     Hex            #######.     0%          2    None
 Animate Skeleton         Necr           N/A          1%          1    None
 Apportation              Tloc           #####.       1%          1    None
 Flame Tongue             Conj/Fire      ###..        1%          1    None
 Freeze                   Ice            ####         1%          1    None
 Infusion                 Chrm           ####         1%          1    None
 Magic Dart               Conj           ####         1%          1    None
 Pain                     Necr           ####         1%          1    None
 Sting                    Conj/Pois      ###.         1%          1    None
 Summon Butterflies       Summ           ####....     1%          1    None
 Summon Small Mammal      Summ           ####         1%          1    None
 Call Imp                 Summ           ####....     1%          2    None
 Corpse Rot               Necr           N/A          1%          2    None
 Poisonous Vapours        Pois/Air       ####..       1%          2    None
 Song of Slaying          Chrm           #####...     1%          2    None
 Sublimation of Blood     Necr           ####......   1%          2    None
 Swiftness                Chrm/Air       #####...     1%          2    None
 Throw Frost              Conj/Ice       ######       1%          2    None
 Call Canine Familiar     Summ           ####....     1%          3    None
 Gell's Gravitas          Tloc           #####.....   1%          3    None
 Lesser Beckoning         Tloc           #####.....   1%          3    None
 Ozocubu's Armour         Chrm/Ice       ######..     1%          3    None
 Recall                   Summ/Tloc      N/A          1%          3    None
 Static Discharge         Conj/Air       #####...     1%          3    None
 Teleport Other           Tloc           #####...     1%          3    None
 Throw Icicle             Conj/Ice       ######..     1%          4    None
 Ice Form                 Ice/Tmut       #####...     2%          4    None
 Mephitic Cloud           Conj/Pois/Air  ####....     3%          3    None
 Vampiric Draining        Necr           ####......   3%          3    None
 Ozocubu's Refrigeration  Ice            ######....   3%          6    #####..
 Passage of Golubria      Tloc           N/A          4%          4    None
 Conjure Flame            Conj/Fire      ###.....     5%          3    None
 Animate Dead             Necr           N/A          13%         4    None
 Lightning Bolt           Conj/Air       #####.....   16%         5    ###....
 Iskenderun's Battlesphe  Conj/Chrm      #####...     17%         5    ###....
 Sticky Flame             Conj/Fire      ###.....     19%         4    None
 Bolt of Cold             Conj/Ice       ######....   21%         6    #####..
 Simulacrum               Ice/Necr       ######....   24%         6    #####..
 Bolt of Draining         Conj/Necr      ####......   28%         5    ###....
 Freezing Cloud           Conj/Ice/Air   #####.....   28%         6    #####..
 Agony                    Necr           ####....     34%         5    ###....
 Dispel Undead            Necr           ####....     34%         5    ###....
 Olgreb's Toxic Radiance  Pois           ###.....     36%         4    None
 Venom Bolt               Conj/Pois      ###.......   45%         5    ###....
 Bolt of Magma            Conj/Fire/Erth ###.......   54%         5    ###....
 Iron Shot                Conj/Erth      ###.......   96%         6    #####..
 Spellforged Servitor     Conj/Summ      ####......   99%         7    ######.
 Summon Hydra             Summ           ####......   99%         7    ######.
 Orb of Destruction       Conj           ####......   100%        7    ######.
 Ring of Flames           Chrm/Fire      ####......   100%        7    ######.
 Ignition                 Fire           ###.......   100%        8    #######
 Shatter                  Erth           ###.......   100%        9    #######
 Tornado                  Air            #####.....   100%        9    #######
 Spectral Weapon          Hex/Chrm       Unusable     N/A         3    N/A
 Excruciating Wounds      Chrm/Necr      Unusable     N/A         5    N/A

Dungeon Overview and Level Annotations

Branches:
Dungeon (15/15)            Temple (1/1) D:7            Lair (6/6) D:9
  Swamp (4/4) Lair:4       Spider (4/4) Lair:2        Slime (0/5) Lair:5
    Orc (2/2) D:10            Elf (2/3) Orc:2        Vaults (3/5) D:13
 Depths (0/5) D:15
  Crypt: Vaults:2-3

Altars:
Ashenzari
Cheibriados
Dithmenos
Elyvilon
Fedhas
Gozag
Hepliaklqana
Kikubaaqudgha
Makhleb
Nemelex Xobeh
Okawaru
Qazlal
Ru
Sif Muna
Trog
Uskayaw
Vehumet
Wu Jian
Xom
Yredelemnul
Zin
The Shining One
Beogh
Jiyva

Shops:
D:8 [   D:9 =   D:12 %   Orc:2 *((=   Elf:1 [[!   Elf:2 ?

Annotations:
Swamp:2 1 exclusion, Nikola


Innate Abilities, Weirdness & Mutations

You cannot wear armour.
You are incapable of wielding weapons or throwing items.
Your paws allow you to move quietly. (Stealth)
You have sharp claws.
You have razor-sharp teeth.
You have supernaturally acute eyesight. (SInv)
You are carnivorous and can eat meat at any time.
You cover ground quickly.
Your thick and shaggy fur keeps you warm. (AC +3, rC+)
You have a slow metabolism.
Your sharp claws are effective at attacking unaware monsters.
You have a pair of large horns on your head.


Message History

You feel much better.
Unknown command.
Things that are here:
a falchion of holy wrath; a ring mail Something unseen opens the door.
The yaktaur captain shoots a bolt.
The bolt hits you!!
* * * LOW HITPOINT WARNING * * *
Found a ration.
There is an open door, spattered with blood here.
You see here a bolt.
Unknown command.
A vault sentinel comes into view. It is wielding a falchion.
Casting: Tukima's Dance (safe; 0% risk of failure)
Confirm with . or Enter, or press ? or * to list all spells.
Aiming: Confuse (safe; 0% risk of failure)
Press: ? - help, Shift-Dir - straight line, f/p - tengu reaver
Aim: a tengu reaver, wielding an enchanted dire flail and wearing a scale mail The tengu reaver resists with significant effort.
The tengu reaver hits you with an enchanted dire flail!!
You die...

##########
#..#.)#..#
#.@#).#..#
###Q##(#
#.(#c.#cS#
#..#.p#*W#
###c##'##'#
..# #p.#p.
#.. ..#..#
## '# ##
#......# %


You could see a tengu reaver, a yaktaur captain, a vault sentinel and a wizard.

Vanquished Creatures
  Arachne (Spider:1)
  A sphinx (Vaults:2)
  A thorn hunter (Swamp:1)
  A deep elf sorcerer (Vaults:3)
  A frost giant (IceCv)
  The ghost of Utiaf the Eclecticist, an adept DECj of Vehumet (Elf:1)
  A vault warden (Vaults:2)
  3 emperor scorpions
  3 ghost moths (Spider:4)
  An ironheart preserver (Vaults:1)
  A ghoul (Vaults:2)
  2 very ugly things
  A stone giant (Vaults:2)
  4 entropy weavers
  3 spark wasps (Spider:4)
  The ghost of Lew the Severer, a journeyman MiFi of Gozag (D:12)
  The ghost of Lew the Spear-Bearer, a journeyman MiFi of Okawaru (D:12)
  A fire dragon (D:13)
  5 yaktaur captains
  An ogre mage (Vaults:2)
  A rakshasa (Vaults:1)
  17 hydras
  A vault guard (Vaults:2)
  A catoblepas (Lair:4)
  2 ghost crabs
  5 centaur warriors
  6 two-headed ogres
  6 dancing weapons (Elf:1)
  13 alligators
  A tengu warrior (D:13)
  8 death yaks
  5 deep elf knights
  An orc high priest (Elf:1)
  4 skeletal warriors (Vaults:2)
  Nergalle (Lair:4)
  A glowing orange brain (D:15)
  10 swamp dragons
  A flayed ghost (Vaults:3)
  3 spriggan druids
  A sea snake (Lair:6)
  An unseen horror (D:14)
  A shambling mangrove (Swamp:3)
  3 lindwurms (Swamp:4)
  2 wizards (Vaults:2)
  5 deep elf archers
  A sphinx zombie (Vaults:3)
  2 phantasmal warriors (D:15)
  A necromancer (Vaults:3)
  2 ironbrand convokers (Vaults:2)
  32 wolf spiders
  7 orc knights
  3 harpies
  A wolf spider (shapeshifter) (D:15)
  16 orb spiders
  16 deep elf magi
  2 orc sorcerers
  34 ugly things
  2 salamanders (shapeshifter) (Vaults:1)
  2 centaur zombies
  4 cyclopes
  13 elephants
  A moth of wrath (Spider:4)
  An ice statue (IceCv)
  Joseph (D:8)
  A stone giant skeleton (Vaults:3)
  7 vault sentinels
  A rime drake (Lair:6)
  A freezing wraith (Vaults:2)
  15 spiny frogs
  13 yaktaurs
  14 komodo dragons
  8 demonic crawlers
  5 trolls
  15 polar bears
  2 wind drakes (Lair:6)
  A tengu conjurer (D:13)
  A meliai (shapeshifter) (D:15)
  34 jumping spiders
  19 hornets
  A slime creature (shapeshifter) (D:15)
  12 tyrant leeches
  16 blink frogs
  22 slime creatures
  Grinder (D:4)
  18 hippogriffs
  2 dream sheep (Lair:4)
  5 bog bodies
  A centaur simulacrum (D:14)
  2 shadows
  95 redbacks
  3 spriggans
  22 tarantellas
  6 wyverns
  4 wraiths
  A vampire (D:10)
  A fire bat (shapeshifter) (D:14)
  A basilisk (shapeshifter) (D:15)
  53 yaks
  4 hungry ghosts
  8 vampire mosquitoes
  3 basilisks
  8 wargs
  20 insubstantial wisps
  13 swamp worms
  3 acid dragons
  A soldier ant (shapeshifter) (D:15)
  A soldier ant (D:13)
  A sky beast (D:9)
  15 water moccasins
  11 ice beasts
  9 swamp drakes
  24 orc warriors
  4 porcupines
  2 black bears
  2 eyes of draining
  2 phantoms
  A necrophage (D:11)
  4 boggarts
  39 wolves
  4 ogres
  10 centaurs
  14 crocodiles
  2 big kobolds
  15 bullfrogs
  A water moccasin zombie (D:9)
  2 wyvern skeletons
  2 scorpions
  12 killer bees
  5 wights
  10 electric eels (D:11)
  6 howler monkeys
  8 crimson imps
  A quasit (D:10)
  5 bullfrog zombies
  13 orc priests
  8 hounds
  7 jellies
  8 centaur skeletons
  22 orc wizards
  A bullfrog skeleton (D:10)
  7 iguanas
  10 worker ants
  3 hound skeletons
  A howler monkey zombie (D:10)
  A worker ant zombie (D:11)
  4 gnolls (Orc:1)
  A howler monkey skeleton (D:7)
  16 adders
  3 shadow imps
  An ooze (D:9)
  3 worms
  4 dart slugs
  8 leopard geckos
  71 orcs
  3 bats
  7 giant cockroaches
  8 hobgoblins
  7 jackals
  21 kobolds
  2 quokkas
  5 ball pythons
  5 frilled lizards
  10 goblins
  A quokka skeleton (D:5)
  A quokka zombie (D:3)
  6 rats
  3 butterflies
  A fungus (Lair:6)
1222 creatures vanquished.

Vanquished Creatures (collateral kills)
  2 deep elf sorcerers
  A vault warden (Vaults:1)
  An emperor scorpion (Spider:4)
  3 ironheart preservers
  A vampire knight (Vaults:3)
  A deep elf annihilator (Vaults:1)
  A spark wasp (Spider:3)
  2 deep elf death magi
  Snorg (Lair:5)
  The ghost of Xempux the Cleaver, a journeyman DDFi of Makhleb (Lair:1)
  A fire dragon (Vaults:1)
  A yaktaur captain (Vaults:1)
  A great orb of eyes (Vaults:3)
  A rakshasa (D:15)
  5 hydras
  2 death knights
  A death yak (Lair:3)
  A merfolk avatar (Lair:6)
  A catoblepas (Lair:5)
  9 two-headed ogres
  2 ogre magi (Vaults:1)
  2 deep elf knights
  A skeletal warrior (Vaults:2)
  A wizard (Vaults:1)
  3 deep elf archers
  An ironbrand convoker (Vaults:1)
  A shambling mangrove (Swamp:4)
  A harpy (shapeshifter) (Vaults:1)
  4 orc knights
  2 orb spiders
  10 deep elf magi
  An orc sorcerer (Vaults:1)
  8 ugly things
  5 oklob plants
  A wolf spider (Spider:3)
  4 elephants (Lair:6)
  A black mamba (Lair:4)
  2 vault sentinels
  A guardian serpent (shapeshifter) (Vaults:1)
  2 spiny frogs (Lair:4)
  2 centaur skeletons
  6 yaktaurs
  A rime drake (Lair:5)
  An efreet (D:14)
  2 freezing wraiths
  3 komodo dragons (Lair:6)
  3 demonic crawlers
  A polar bear (Lair:6)
  5 hornets
  5 jumping spiders (Spider:2)
  2 slime creatures
  2 blink frogs
  2 dream sheep (Lair:4)
  8 redbacks
  A spriggan (Swamp:4)
  2 air elementals
  A vampire (D:14)
  5 tarantellas
  3 yaks
  A fire elemental (Elf:2)
  Eustachio (D:5)
  A vampire mosquito (Spider:2)
  3 insubstantial wisps (Swamp:4)
  A swamp worm (Swamp:1)
  A porcupine (Lair:4)
  2 water moccasins
  17 orc warriors
  3 ogres
  3 crocodiles
  A bullfrog (D:12)
  8 wights
  A bullfrog zombie (D:13)
  An orc wizard (D:9)
  5 orc priests
  25 orcs
  A goblin (D:3)
  A kobold (D:7)
221 creatures vanquished.

Vanquished Creatures (others)
  A death yak (IceCv)
  A swamp dragon (Swamp:4)
  4 polar bears (IceCv)
  2 slime creatures
  A spriggan (shapeshifter) (Vaults:1)
  16 dancing weapons
  An orc warrior (Orc:2)
  An eye of draining (D:14)
  2 wolves (IceCv)
  A centaur (D:10)
  An orc (Elf:1)
  A kobold (D:6)
  A bush (Lair:6)
  31 fungi
  33 plants
97 creatures vanquished.

Grand Total: 1540 creatures vanquished

Notes
Turn   | Place    | Note
-------+----------+-------------------------------------------
     0 | D:1      | dvd the Felid Enchanter began the quest for the Orb.
     0 | D:1      | Reached XP level 1. HP: 7/7 MP: 4/4
   321 | D:1      | Reached XP level 2. HP: 11/11 MP: 6/6
   344 | D:1      | Learned a level 2 spell: Ensorcelled Hibernation
  1127 | D:2      | Reached XP level 3. HP: 11/14 MP: 1/7
  1247 | D:2      | Reached skill level 5 in Hexes
  1411 | D:2      | Reached skill level 5 in Stealth
  1449 | D:2      | Learned a level 3 spell: Confuse
  1597 | D:2      | Reached XP level 4. HP: 18/18 MP: 1/8
  2742 | D:3      | Reached XP level 5. HP: 21/21 MP: 2/9
  2954 | D:3      | Learned a level 3 spell: Tukima's Dance
  3018 | D:3      | Killed from afar by an orc wizard
  3019 | D:3      | Reached XP level 4. HP: -6/18 MP: 6/17
  3692 | D:4      | Found a shadowy altar of Dithmenos.
  3699 | D:4      | Noticed Grinder
  3716 | D:4      | Killed Grinder
  3716 | D:4      | Reached XP level 5. HP: 2/21 MP: 10/10
  3716 | D:4      | Gained mutation: You are covered in thick fur. (AC +2)
                  | [Felid growth]
  3716 | D:4      | Reached XP level 6. HP: 2/24 MP: 11/11
  4256 | D:5      | Entered Level 5 of the Dungeon
  4260 | D:5      | Noticed Eustachio
  4322 | D:5      | Killed Eustachio
  4322 | D:5      | Reached skill level 1 in Ice Magic
  4607 | D:5      | Noticed an ice beast
  4624 | D:5      | Killed an ice beast
  4624 | D:5      | Reached XP level 7. HP: 27/27 MP: 13/13
  4672 | D:5      | Found an ornate altar of the Wu Jian Council.
  4863 | D:5      | Learned a level 3 spell: Dazzling Spray
  5025 | D:5      | Found a sacrificial altar of Ru.
  5515 | D:6      | Reached XP level 8. HP: 25/31 MP: 12/15
  5781 | D:6      | Reached skill level 5 in Dodging
  6661 | D:6      | Learned a level 1 spell: Shock
  7219 | D:7      | Reached skill level 5 in Spellcasting
  7613 | D:7      | Found a staircase to the Ecumenical Temple.
  7632 | Temple   | Entered the Ecumenical Temple
  7744 | Temple   | Became a worshipper of Uskayaw the Reveler
  7987 | D:8      | Reached * piety under Uskayaw
  7990 | D:8      | Reached ** piety under Uskayaw
  8007 | D:8      | Reached *** piety under Uskayaw
  8008 | D:8      | Reached XP level 9. HP: 24/34 MP: 16/18
  8268 | D:8      | Reached skill level 1 in Invocations
  8702 | D:8      | Reached skill level 10 in Stealth
  8911 | D:8      | Found Duti's Antique Armour Shop.
  8926 | D:8      | Noticed Joseph
  8932 | D:8      | Killed Joseph
  9342 | D:9      | Reached skill level 10 in Hexes
  9616 | D:9      | Found Deamewi's Jewellery Emporium.
  9852 | D:9      | Reached skill level 5 in Unarmed Combat
  9852 | D:9      | Reached **** piety under Uskayaw
  9855 | D:9      | Reached XP level 10. HP: 31/37 MP: 15/20
  9858 | D:9      | Reached ***** piety under Uskayaw
 10342 | D:9      | Found a sparkling altar of Nemelex Xobeh.
 10416 | D:9      | Found a staircase to the Lair.
 10658 | D:9      | Gained mutation: You have a pair of small antennae on your
                  | head. [potion of mutation]
 10658 | D:9      | Gained mutation: Your muscles are strong. (Str +2) [potion
                  | of mutation]
 10698 | D:10     | Entered Level 10 of the Dungeon
 11219 | D:10     | Reached XP level 11. HP: 40/40 MP: 16/22
 11295 | D:10     | Noticed a two-headed ogre
 11311 | D:10     | Killed a two-headed ogre
 11311 | D:10     | Reached skill level 5 in Invocations
 11341 | D:10     | Learned a level 2 spell: Blink
 11581 | D:10     | Found a staircase to the Orcish Mines.
 12069 | D:11     | Found a bloodstained altar of Trog.
 12348 | D:11     | Reached skill level 1 in Conjurations
 12919 | Orc:1    | Entered Level 1 of the Orcish Mines
 13064 | Orc:1    | Noticed an orc sorcerer
 13073 | Orc:1    | Killed an orc sorcerer
 13073 | Orc:1    | Reached skill level 1 in Evocations
 13214 | D:9      | Bought the ring "Feulevat" {rF+ rC++ Str+9 Dex-5} for 810
                  | gold pieces
 13272 | Lair:1   | Entered Level 1 of the Lair of Beasts
 13327 | Lair:1   | Reached skill level 10 in Dodging
 14047 | Lair:2   | Learned a level 3 spell: Call Canine Familiar
 14373 | Lair:2   | Identified a scroll of acquirement
 14374 | Lair:2   | Got a flickering golden ring
 14376 | Lair:2   | Identified the ring "Uwoull" {Fire -Tele +Fly Slay+4} (You
                  | acquired it on level 2 of the Lair of Beasts)
 14493 | Lair:2   | Gained mutation: Your thick and shaggy fur keeps you warm.
                  | (AC +3, rC+) [Felid growth]
 14493 | Lair:2   | Reached XP level 12. HP: 44/44 MP: 21/24
 14515 | Lair:2   | Noticed Xempux's ghost (journeyman DDFi)
 14518 | Lair:2   | Found a runed door.
 14539 | Lair:2   | Found a hole to the Spider Nest.
 14752 | Lair:2   | Noticed a four-headed hydra
 14812 | Lair:2   | Killed a four-headed hydra
 15422 | Lair:3   | Found a frozen archway.
 15466 | IceCv    | Entered an ice cave
 16308 | IceCv    | Noticed a death yak
 16545 | IceCv    | Killed a death yak
 16862 | IceCv    | Noticed a frost giant
 16862 | IceCv    | Noticed a death yak
 16862 | IceCv    | Noticed a death yak
 17123 | IceCv    | Killed a death yak
 17198 | IceCv    | Killed a death yak
 17496 | IceCv    | Killed a frost giant
 17496 | IceCv    | Reached XP level 13. HP: 33/48 MP: 6/26
 18414 | Lair:2   | Reached skill level 1 in Air Magic
 18778 | Lair:3   | Reached skill level 1 in Translocations
 19300 | Lair:3   | Learned a level 5 spell: Summon Mana Viper
 19634 | Lair:4   | Noticed Nergalle
 19641 | Lair:4   | Killed Nergalle
 19728 | Lair:4   | Found a staircase to the Swamp.
 20012 | Lair:4   | Learned a level 3 spell: Ozocubu's Armour
 20447 | Lair:5   | Noticed Snorg
 20458 | Lair:5   | Killed Snorg
 20458 | Lair:5   | Reached skill level 1 in Summonings
 20578 | Lair:5   | Found a staircase to the Slime Pits.
 20578 | Lair:5   | Found a viscous altar of Jiyva.
 22230 | Lair:5   | Reached skill level 15 in Stealth
 22629 | Lair:6   | Entered Level 6 of the Lair of Beasts
 22747 | Lair:6   | Learned a level 2 spell: Shroud of Golubria
 22771 | Lair:6   | Reached XP level 14. HP: 51/51 MP: 17/28
 23290 | Lair:6   | Reached skill level 10 in Spellcasting
 25308 | Orc:2    | Entered Level 2 of the Orcish Mines
 25798 | Orc:2    | Found a staircase to the Elven Halls.
 25844 | Orc:2    | Reached skill level 5 in Ice Magic
 26019 | Orc:2    | Reached skill level 10 in Invocations
 26749 | Orc:1    | Found a bloodstained altar of Trog.
 27306 | Orc:2    | Found Ypnie's Weapon Shop.
 27306 | Orc:2    | Found Ukoik's General Store.
 27339 | Orc:2    | Found a roughly hewn altar of Beogh.
 27349 | Orc:2    | Found Foseroo's Weapon Emporium.
 27349 | Orc:2    | Found Fedam's Jewellery Shop.
 28128 | Lair:6   | Learned a level 5 spell: Metabolic Englaciation
 28133 | Lair:6   | Learned a level 4 spell: Summon Ice Beast
 29092 | D:12     | Found a glowing golden altar of the Shining One.
 29365 | D:12     | Found Mem Nuve's Food Boutique.
 29437 | D:12     | Found a runed gate.
 29438 | D:12     | Found a runed gate.
 29438 | D:12     | Found a runed gate.
 29452 | D:12     | Noticed Lew's ghost (journeyman MiFi)
 29454 | D:12     | Noticed Lew's ghost (journeyman MiFi)
 29561 | D:12     | Reached skill level 15 in Hexes
 30392 | D:12     | Killed Lew's ghost
 30533 | D:12     | Killed Lew's ghost
 30611 | D:13     | Reached XP level 15. HP: 54/54 MP: 31/31
 30682 | D:13     | Found a flickering gateway to a bazaar.
 30688 | Bazaar   | Entered a bazaar
 30702 | Bazaar   | Found Fidulu's Gadget Shoppe.
 30702 | Bazaar   | Found Oreq's Jewellery Emporium.
 30724 | Bazaar   | Found Kirybric's Book Shoppe.
 30748 | Bazaar   | Found Rusko's Weapon Emporium.
 30811 | Bazaar   | Bought a wand of acid (13) for 374 gold pieces
 30811 | Bazaar   | Bought a wand of acid (12) for 352 gold pieces
 31154 | D:13     | Found a gate to the Vaults.
 31289 | D:13     | Learned a level 3 spell: Regeneration
 32099 | D:14     | Reached skill level 1 in Charms
 32787 | D:15     | Entered Level 15 of the Dungeon
 32820 | D:15     | Reached skill level 1 in Fighting
 33822 | D:15     | Reached skill level 10 in Unarmed Combat
 34269 | D:15     | Found a staircase to the Depths.
 34612 | Lair:1   | Killed Xempux's ghost
 34812 | Spider:1 | Entered Level 1 of the Spider Nest
 35415 | Spider:1 | Identified the Compendium of the Creative Arsonist
 35426 | Spider:1 | Learned a level 4 spell: Summon Lightning Spire
 36291 | Spider:2 | Noticed Arachne
 36618 | Spider:2 | Reached XP level 16. HP: 46/64 MP: 7/32
 36626 | Spider:2 | Slain by a jumping spider
 36627 | Spider:2 | Reached XP level 15. HP: -2/60 MP: 3/31
 36859 | Spider:1 | Killed Arachne
 37503 | Spider:2 | Reached skill level 5 in Fighting
 38887 | Spider:4 | Entered Level 4 of the Spider Nest
 39305 | Spider:4 | Reached skill level 1 in Necromancy
 39681 | Spider:4 | Reached XP level 16. HP: 67/67 MP: 12/33
 39927 | Spider:4 | Reached skill level 10 in Ice Magic
 40759 | Spider:4 | Got a gossamer rune of Zot
 41188 | Swamp:1  | Entered Level 1 of the Swamp
 41386 | Swamp:1  | Noticed a thorn hunter
 41393 | Swamp:1  | Killed a thorn hunter
 42419 | Swamp:2  | Learned a level 4 spell: Airstrike
 42433 | Swamp:2  | Noticed Nikola
 44244 | Swamp:4  | Entered Level 4 of the Swamp
 44523 | Swamp:4  | Reached XP level 17. HP: 73/73 MP: 16/35
 45582 | Swamp:4  | Got a decaying rune of Zot
 46335 | D:9      | Bought a +3 amulet of reflection for 219 gold pieces
 46458 | Elf:1    | Entered Level 1 of the Elven Halls
 46565 | Elf:1    | Found a radiant altar of Vehumet.
 46753 | Elf:1    | Got a smoking amber ring
 46755 | Elf:1    | Identified the ring "Bemum" {rC+ MR+ Stlth+} (You found it
                  | on level 1 of the Elven Halls)
 46936 | Elf:1    | Found Muhoowko's Distillery.
 46940 | Elf:1    | Bought a potion of resistance for 140 gold pieces
 46940 | Elf:1    | Bought a potion of heal wounds for 70 gold pieces
 46940 | Elf:1    | Bought a potion of heal wounds for 70 gold pieces
 46940 | Elf:1    | Bought a potion of heal wounds for 70 gold pieces
 47120 | Elf:1    | Found a runed door.
 47140 | Elf:1    | Noticed Utiaf's ghost (adept DECj)
 47277 | Elf:1    | Found Fefoipliut's Armour Shop.
 47404 | Elf:1    | Found Waxkiycyg's Armour Shoppe.
 47549 | Elf:1    | Reached skill level 5 in Translocations
 48470 | Elf:1    | Killed Utiaf's ghost
 48578 | Elf:2    | Found Ranecoh's Magic Scroll Boutique.
 48651 | Elf:2    | Bought a scroll of teleportation for 36 gold pieces
 48853 | Elf:2    | Killed from afar by a deep elf annihilator
 48854 | Elf:2    | Reached XP level 16. HP: -20/70 MP: 20/34
 49119 | D:13     | Lost mutation: Your muscles are strong. (Str +2) [potion of
                  | mutation]
 49119 | D:13     | Lost mutation: You have a pair of small antennae on your
                  | head. [potion of mutation]
 49119 | D:13     | Gained mutation: You passively map a small area around you.
                  | [potion of mutation]
 49119 | D:13     | Gained mutation: You are occasionally teleported next to
                  | monsters. [potion of mutation]
 49119 | D:13     | Gained mutation: You have a pair of small horns on your
                  | head. [potion of mutation]
 49120 | D:13     | Lost mutation: You passively map a small area around you.
                  | [potion of mutation]
 49120 | D:13     | Lost mutation: You are occasionally teleported next to
                  | monsters. [potion of mutation]
 49120 | D:13     | Gained mutation: You have a pair of horns on your head.
                  | [potion of mutation]
 49120 | D:13     | Gained mutation: You have a pair of large horns on your
                  | head. [potion of mutation]
 49122 | Vaults:1 | Entered Level 1 of the Vaults
 50399 | Vaults:1 | Reached XP level 17. HP: 75/75 MP: 33/35
 50858 | Vaults:1 | Reached skill level 5 in Charms
 51272 | Vaults:2 | Reached skill level 5 in Air Magic
 51873 | Vaults:2 | Paralysed by a hornet for 2 turns
 54114 | Vaults:3 | Shot with an arrow by a centaur
 54115 | Vaults:3 | Reached XP level 16. HP: -6/72 MP: 25/35
 54144 | Vaults:3 | Demolished by a tengu reaver

Skill      XL: |  1  2  3  4  5  6  7  8  9 10 11 12 13 14 15 16 17 |
---------------+----------------------------------------------------+-----
Dodging        | 3 4 6 7 9 10 11 12 13 | 13.7
Hexes          | 5 6 7 9 10 11 12 13 15 17 18 | 18.6
Stealth        | 5 7 8 9 10 12 13 14 15 16 17 18 | 18.0
Unarmed Combat | 2 3 4 5 6 7 8 9 10 11 | 11.9
Spellcasting   | 3 4 5 6 7 8 9 11 12 13 14 | 14.2
Ice Magic      | 1 2 3 4 5 9 11 12 | 12.9
Invocations    | 3 4 6 7 9 10 11 | 11.3
Conjurations   | 1 2 3 |  3.7
Evocations     | 1 2 |  2.0
Air Magic      | 1 2 5 |  5.8
Translocations | 1 3 4 5 |  5.5
Summonings     | 1 2 3 4 |  4.3
Charms         | 3 4 5 |  5.2
Fighting       | 6 9 8 |  9.1
Necromancy     | 1 2 |  2.7

Action                   |  1- 3 |  4- 6 |  7- 9 | 10-12 | 13-15 | 16-18 || total
-------------------------+-------+-------+-------+-------+-------+-------++-------
Melee: Unarmed           |    66 |    95 |   276 |   424 |  1073 |   771 ||  2705
       Bite              |     5 |     8 |    25 |    30 |    87 |    71 ||   226
       Punch             |       |     1 |     1 |    10 |    40 |    31 ||    83
       Headbutt          |       |       |       |       |       |    57 ||    57
 Cast: Corona            |     7 |     2 |       |       |       |       ||     9
       Ensorcelled Hiber |    20 |    46 |    77 |   128 |   324 |   151 ||   746
       Confuse           |     1 |    10 |    59 |    70 |   233 |   151 ||   524
       Tukima's Dance    |       |    16 |    32 |    11 |    48 |    83 ||   190
       Dazzling Spray    |       |       |     5 |    64 |   142 |   202 ||   413
       Shock             |       |       |    19 |    51 |    76 |     8 ||   154
       Call Canine Famil |       |       |       |     3 |     2 |       ||     5
       Blink             |       |       |       |     1 |    10 |    26 ||    37
       Summon Mana Viper |       |       |       |       |    78 |    36 ||   114
       Shroud of Golubri |       |       |       |       |    68 |   114 ||   182
       Ozocubu's Armour  |       |       |       |       |     2 |       ||     2
       Summon Ice Beast  |       |       |       |       |    22 |    22 ||    44
       Metabolic Englaci |       |       |       |       |    16 |     1 ||    17
       Regeneration      |       |       |       |       |    52 |   112 ||   164
       Summon Lightning  |       |       |       |       |    19 |    36 ||    55
       Airstrike         |       |       |       |       |       |    34 ||    34
Invok: Stomp             |       |       |     1 |    11 |    51 |    31 ||    94
       Line Pass         |       |       |       |     1 |     1 |     1 ||     3
       Grand Finale      |       |       |       |       |       |     1 ||     1
Evoke: Wand              |       |       |       |    18 |    15 |    28 ||    61
  Use: Scroll            |     2 |       |       |    18 |    14 |    15 ||    49
       Potion            |       |       |       |    11 |    17 |    14 ||    42
 Stab: Sleeping          |    31 |    33 |    58 |   110 |   234 |   123 ||   589
       Confused          |     1 |     6 |    22 |    45 |    99 |    68 ||   241
       Distracted        |       |       |     2 |     3 |     8 |     6 ||    19
       Paralysed         |       |       |     5 |    18 |    40 |    33 ||    96
       Invisible         |       |       |       |     9 |    16 |    19 ||    44
  Eat: Chunk             |    10 |    16 |    16 |    18 |    74 |    49 ||   183
Armor: Skin              |     2 |    11 |    50 |    26 |   103 |    60 ||   252
Dodge: Dodged            |    33 |    66 |   211 |   346 |  1012 |   851 ||  2519
Block: Other             |       |       |       |       |       |     8 ||     8
       Reflection        |       |       |       |       |       |     2 ||     2
